 Dungeon Crawl Stone Soup version 0.25-a0-253-g6f1b5d974a (webtiles) character file.

Game seed: 2526975958699844679, levelgen mode: classic

338 Borgoz the Skirmisher (level 6, -10/84 HPs)
             Began as a Hill Orc Fighter on Dec 5, 2019.
             Mangled by an orc warrior
             ... wielding a +0 long sword
              (19 damage)
             ... on level 3 of the Dungeon.
             The game lasted 00:03:15 (2595 turns).

Borgoz the Skirmisher (Hill Orc Fighter)            Turns: 2595, Time: 00:03:15

Health: -10/84     AC:  7    Str: 26    XL:     6   Next: 55%
Magic:  6/6        EV: 12    Int:  8    God:
Gold:   182        SH: 10    Dex: 15    Spells: 5/5 levels left

rFire    . . .     SeeInvis .   a - +0 long sword
rCold    . . .     Gourm    .   c - +0 shield
rNeg     . . .     Faith    .   b - +0 scale mail
rPois    .         Spirit   .   (no helmet)
rElec    .         Reflect  .   (no cloak)
rCorr    .         Harm     .   (no gloves)
MR       .....                  (no boots)
Stlth    ..........             (no amulet)
HPRegen  0.24/turn              (no ring)
MPRegen  0.10/turn              (no ring)

@: agile, berserking, very quick
A: no striking features
a: no special abilities


You were on level 3 of the Dungeon.
You were not hungry.

You visited 1 branch of the dungeon, and saw 3 of its levels.

You collected 182 gold pieces.

Inventory:

Hand Weapons
 a - a +0 long sword (weapon)
Armour
 b - a +0 scale mail (worn)
 c - a +0 shield (worn)
Wands
 r - a wand of enslavement (5)
Scrolls
 g - a scroll of enchant armour {unknown}
 i - 2 scrolls of identify {unknown}
 j - a scroll of immolation {unknown}
 k - 2 scrolls of remove curse {unknown}
 l - 2 scrolls of fog {unknown}
 m - a scroll of blinking {unknown}
 n - a scroll of teleportation {unknown}
 s - a scroll of fear {unknown}
Potions
 e - a potion of flight {unknown}
 h - a potion of curing {unknown}
 o - a potion of cancellation {unknown}
 q - a potion of heal wounds {unknown}
Comestibles
 f - 4 rations
 t - 2 chunks of flesh


   Skills:
 + Level 5.0 Fighting
 * Level 4.9 Long Blades
 + Level 4.5 Armour
 + Level 4.5 Shields


You had 5 spell levels left.
You didn't know any spells.
Your spell library was empty.

Dungeon Overview and Level Annotations

Branches:
Dungeon (3/15)

Altars:
Fedhas
Hepliaklqana
Makhleb
Wu Jian
Xom


Message History

A red film seems to cover your vision as you go berserk!
You feel yourself moving faster!
You feel mighty! You block the orc warrior's attack.
You hit the orc warrior.
The orc warrior is heavily wounded.
You hit the orc warrior.
The orc warrior is heavily wounded.
You block the orc warrior's attack.
Your shield prevents you from hitting the orc warrior.
The orc warrior is heavily wounded.
The orc warrior hits you but does no damage.
You closely miss the orc warrior.
The orc warrior is heavily wounded.
You closely miss the orc warrior.
The orc warrior is heavily wounded.
You block the orc warrior's attack.
Your shield and scale mail prevent you from hitting the orc warrior.
The orc warrior is heavily wounded.
The orc warrior hits you with a +0 long sword!!
You die...

.#.## #..#.# #.#.# ##.#.# .#.##
#...# #.#.# ##..# ##### .#.##
#..# #..<# #.#.#######.#######
####.### .#.#...............
#......#
#.#.#######.###########.#.######
.#.## #......@oo.....#.# #.#.#
#...############.###### .#.##
#..........#..........# #.#.#
#....#####.#.###...#.## .#.##
#....# #.#.#..._.# #.#.# #....#
#.#.#.....# .#.## #....#
#.#.#...###.## #.#.# ##.#.#
#.#.#........# .#.## #.#.##
#.#.##.#.#####


You could see an orc warrior and an orc.

Vanquished Creatures
  A centaur (D:2)
  A scorpion (D:3)
  Jessica (D:2)
  An iguana (D:3)
  Natasha (twice) (D:3)
  3 adders
  An ooze (D:3)
  A worm (D:2)
  A dart slug (D:1)
  A leopard gecko (D:1)
  4 orcs
  2 giant cockroaches (D:1)
  10 goblins
  8 hobgoblins
  5 jackals
  A quokka (D:3)
  A ball python (D:3)
  6 bats
  4 frilled lizards
  5 kobolds
  14 rats
73 creatures vanquished.

Notes
Turn   | Place    | Note
-------+----------+-------------------------------------------
     0 | D:1      | Borgoz the Hill Orc Fighter began the quest for the Orb.
     0 | D:1      | Reached XP level 1. HP: 19/19 MP: 1/1
   113 | D:1      | Reached XP level 2. HP: 21/27 MP: 2/2
   306 | D:1      | Reached XP level 3. HP: 13/33 MP: 3/3
   313 | D:1      | Reached skill level 4 in Fighting
   855 | D:2      | Noticed a centaur
   880 | D:2      | Killed a centaur
   880 | D:2      | Reached XP level 4. HP: 10/41 MP: 4/4
   880 | D:2      | Reached XP level 5. HP: 12/47 MP: 5/5
  1266 | D:2      | Found an ornate altar of the Wu Jian Council.
  1267 | D:2      | Found a shimmering altar of Xom.
  1379 | D:2      | Noticed Jessica
  1384 | D:2      | Killed Jessica
  1458 | D:2      | Found a hazy altar of Hepliaklqana.
  1459 | D:2      | Found a blossoming altar of Fedhas.
  1513 | D:3      | Found a burning altar of Makhleb.
  1866 | D:3      | Reached XP level 6. HP: 49/55 MP: 6/6
  1977 | D:3      | Noticed Natasha
  1993 | D:3      | Killed Natasha
  2174 | D:3      | Reached skill level 5 in Fighting
  2456 | D:3      | Noticed Natasha
  2463 | D:3      | Killed Natasha
  2576 | D:3      | Noticed an orc warrior
  2595 | D:3      | Mangled by an orc warrior

Levels and vault maps discovered:
D:1:      lightli_arrival_isolated_outpost, layout_rooms
D:2:      layout_rooms, nicolae_overflow_hidden_temple, first_ration,
          uniq_jessica
D:3:      layout_basic, bloody_makhleb, serial_park_tiny_1, uniq_natasha

Skill      XL: |  1  2  3  4  5  6 |
---------------+-------------------+-----
Long Blades    | 3 4 |  4.9
Fighting       | 4 5 |  5.0
Armour         | 4 |  4.5
Shields        | 4 |  4.5

Action                   |  1- 3 |  4- 6 || total
-------------------------+-------+-------++-------
Melee: Long sword        |   123 |   145 ||   268
  Use: Potion            |     1 |     2 ||     3
  Eat: Chunk             |       |     6 ||     6
Armor: Scale mail        |    70 |    63 ||   133
Dodge: Dodged            |    50 |    41 ||    91
Block: Shield            |    88 |    77 ||   165
       Rpst.: Long sword |    11 |    12 ||    23

Table legend:
 A = Non-vault XP
 B = Vault XP
 C = Vault XP percentage of total XP
 D = Non-vault monster count
 E = Vault monster count
 F = Vault count percentage of total count
                 A         B        C        D         E       F
            +---------+---------+-------+---------+---------+-------
      Total |     411 |      72 |  14.9 |      71 |       2 |   2.7
            +---------+---------+-------+---------+---------+-------
        D:1 |      48 |       0 |   0.0 |      27 |       0 |   0.0
        D:2 |     161 |      37 |  18.7 |      21 |       1 |   4.5
        D:3 |     202 |      35 |  14.8 |      23 |       1 |   4.2
            +---------+---------+-------+---------+---------+-------
